 Dungeon Crawl Stone Soup version 0.18-a0-1157-g59db91b (webtiles) character file.

1211 namelastname112 the Martial Artist (level 8, -4/56 HPs)
             Began as a Grey Draconian Monk on Jan 23, 2016.
             Killed by Olgreb's Toxic Radiance
             ... invoked by kak's ghost
              (10 damage)
             ... on level 6 of the Dungeon.
             The game lasted 00:08:29 (4680 turns).

namelastname112 the Martial Artist (DrMo)           Turns: 4680, Time: 00:08:29

Health: -4/56      AC: 13    Str: 16    XL:     8   Next: 22%
Magic:  8/8        EV: 19    Int: 10    God:
Gold:   150        SH:  0    Dex: 21    Spells: 0 memorised, 7 levels left

rFire  . . .     SeeInvis .       - Unarmed
rCold  . . .     Gourm    +     (armour unavailable)
rNeg   . . .     Faith    .     (no shield)
rPois  .         Spirit   .     (helmet restricted)
rElec  .         Dismiss  .     (no cloak)
rCorr  .         Reflect  .     (no gloves)
SustAt .         Harm     .     o - +1 pair of boots
MR     .....                    j - amulet of the gourmand
Stlth  +++.......               (no ring)
                                (no ring)

@: agile, lethally poisoned (-4 -> -8), not resistant to hostile enchantments,
fairly stealthy
A: walk through water, unfitting armour, frail 1, strong 1, unbreathing,
cold-blooded, AC +11
a: no special abilities


You were on level 6 of the Dungeon.
You were very full.

You visited 2 branches of the dungeon, and saw 7 of its levels.

You collected 150 gold pieces.

Inventory:

Hand Weapons
 f - a +0 dagger of venom
Armour
 o - a +1 pair of boots (worn)
Jewellery
 j - an amulet of the gourmand (around neck)
Scrolls
 b - 2 scrolls of teleportation
 k - a scroll of blinking
 t - 2 scrolls of remove curse
 u - a scroll of enchant armour
Potions
 h - a potion of cure mutation {unknown}
 l - a potion of flight
 m - a potion of curing {unknown}
 r - a potion of berserk rage {unknown}
 x - a potion of resistance {unknown}
 A - a potion of magic
Comestibles
 a - 8 bread rations
 p - 2 beef jerkies
 w - 3 fruits
 z - a meat ration


   Skills:
 - Level 3.2 Fighting
 - Level 2.6 Dodging
 - Level 1.7 Stealth
 + Level 10.6 Unarmed Combat


You had 7 spell levels left.
You didn't know any spells.

Dungeon Overview and Level Annotations

Branches:
Dungeon (6/15)             Temple (1/1) D:5

Altars:
Dithmenos
Gozag
Kikubaaqudgha
Makhleb
Nemelex Xobeh
Okawaru
Pakellas
Qazlal
Ru
Sif Muna
Trog
Xom
Yredelemnul
Zin
The Shining One

Shops:
D:5 !

Annotations:
D:6 kak's ghost, novice NaVM


Innate Abilities, Weirdness & Mutations

You can walk through water.
Your dull iron-grey scales are very hard (AC +11).
Your body does not fit into most forms of armour.
You can survive without breathing.
You are cold-blooded and may be slowed by cold attacks.
You are frail (-10% HP).
Your muscles are strong. (Str +2)


Message History

You closely miss kak's ghost.
Kak's ghost is lightly damaged.
Kak's ghost hits you.
* * * LOW HITPOINT WARNING * * *
x2 You miss kak's ghost.
You tail-slap kak's ghost, but do no damage.
Kak's ghost is lightly damaged.
You feel sick. Kak's ghost hits you.
* * * LOW HITPOINT WARNING * * *
x2 You hit kak's ghost.
Kak's ghost is lightly damaged.
Press: ? - help, v - describe, . - travel The floor.
Unknown command.
Kak's ghost mumbles some strange words.
Kak's ghost begins to radiate toxic energy.
You feel sick.
* * * LOW HITPOINT WARNING * * *
You are more poisoned.
You die...

.####...####.........####...##
..†........+.........'.......#
.####...####.........####...##
.# ##..# ##.......## ##.## .#
##># ##.....## ### .# #.#
##...## .# .# ##'## .# .# #.#
## #@######## ##.........
###..W######..# #........# ..#
#.#...##.# ..# ...##.## # ..#
#.## #.# .. #. #.# .# .
#.#######.#


You could see kak's ghost.

Vanquished Creatures
  Sigmund (D:2)
  A phantom (D:5)
  2 ogres (D:4)
  A giant frog (D:6)
  4 scorpions
  3 hounds
  2 orc priests
  An iguana (D:5)
  Natasha (thrice) (D:3)
  3 worker ants (D:4)
  A hound zombie (D:3)
  7 adders
  4 gnolls (D:4)
  A shadow imp (D:5)
  An adder skeleton (D:4)
  2 worms
  3 giant geckos
  9 orcs
  2 ball pythons
  3 bats
  9 giant cockroaches
  13 goblins
  10 hobgoblins
  8 jackals
  A quokka (D:5)
  8 giant newts
  6 kobolds
  A quokka skeleton (D:5)
  6 rats
116 creatures vanquished.

Vanquished Creatures (others)
  A hippogriff (D:2)
1 creature vanquished.

Grand Total: 117 creatures vanquished

Notes
Turn   | Place    | Note
--------------------------------------------------------------
     0 | D:1      | namelastname112 the Draconian Monk began the quest for the Orb.
     0 | D:1      | Reached XP level 1. HP: 19/19 MP: 1/1
   163 | D:1      | Reached XP level 2. HP: 26/26 MP: 2/2
   842 | D:1      | Reached skill level 5 in Unarmed Combat
   867 | D:1      | Reached XP level 3. HP: 31/31 MP: 3/3
   950 | D:2      | Noticed Sigmund
   952 | D:2      | Found a burning altar of Makhleb.
   952 | D:2      | Noticed a green death
   971 | D:2      | Killed Sigmund
   971 | D:2      | Reached skill level 6 in Unarmed Combat
   971 | D:2      | Reached XP level 4. HP: 23/38 MP: 4/4
   971 | D:2      | Reached XP level 5. HP: 27/45 MP: 5/5
  1166 | D:2      | Found a glowing silver altar of Zin.
  1166 | D:2      | Noticed an angel
  1550 | D:2      | Reached skill level 7 in Unarmed Combat
  1578 | D:2      | Found an oddly glowing altar of Pakellas.
  1578 | D:2      | Noticed an orange crystal statue
  1579 | D:2      | Noticed a hippogriff
  1650 | D:2      | Noticed a sky beast
  1651 | D:2      | Killed a hippogriff
  1893 | D:3      | Noticed Natasha
  1907 | D:3      | Killed Natasha
  2237 | D:3      | Reached XP level 6. HP: 11/51 MP: 6/6
  2502 | D:3      | Noticed Natasha
  2511 | D:3      | Killed Natasha
  2519 | D:3      | Noticed Natasha
  2526 | D:3      | Killed Natasha
  2700 | D:4      | Reached skill level 8 in Unarmed Combat
  2982 | D:4      | Reached XP level 7. HP: 35/57 MP: 7/7
  2982 | D:4      | Your scales start taking on a dull iron-grey colour.
  2982 | D:4      | Gained mutation: You can survive without breathing. [Grey Draconian growth]
  3293 | D:4      | Reached skill level 9 in Unarmed Combat
  3866 | D:5      | Entered Level 5 of the Dungeon
  3949 | D:5      | Found a staircase to the Ecumenical Temple.
  3962 | Temple   | Entered the Ecumenical Temple
  4003 | D:5      | Reached skill level 10 in Unarmed Combat
  4025 | D:5      | Found Kimeut's Distillery.
  4098 | D:5      | Reached XP level 8. HP: 55/63 MP: 8/8
  4406 | D:5      | Found a deep blue altar of Sif Muna.
  4557 | D:6      | Gained mutation: You have an increased reservoir of magic (+10% MP). [potion of mutation]
  4557 | D:6      | Gained mutation: Your spells are a little harder to cast, but a little more powerful. [potion of mutation]
  4557 | D:6      | Gained mutation: Your muscles are strong. (Str +2) [potion of mutation]
  4558 | D:6      | Lost mutation: Your spells are a little harder to cast, but a little more powerful. [potion of mutation]
  4558 | D:6      | Lost mutation: You have an increased reservoir of magic (+10% MP). [potion of mutation]
  4558 | D:6      | Gained mutation: You are frail (-10% HP). [potion of mutation]
  4642 | D:6      | Noticed kak's ghost (novice NaVM)
  4680 | D:6      | Killed from afar by kak's ghost

Vault maps used:
D:1:      co_arrival_random_square_maze, minmay_tree_intersection
D:2:      grunt_temple_overflow_order_and_chaos_2, first_bread,
          gammafunk_pakellas_statue_experiment, uniq_sigmund
D:3:      uniq_natasha
D:5:      lemuel_upstairs_altar, led_sif_pool, temple_pool_b, serial_shops,
          nicolae_shop_statue_plus, interstate_on_off,
          eino_small_chamber_without_monster
D:6:      nicolae_ossuary_entry_plus
Temple:   circular_temple_12

Action                   |  1- 3 |  4- 6 |  7- 9 || total
-------------------------+-------+-------+-------++-------
Melee: Unarmed           |    94 |    14 |    84 ||   192
       Dagger            |       |   158 |    92 ||   250
  Use: Potion            |     2 |       |     4 ||     6
       Scroll            |       |       |    14 ||    14
 Stab: Sleeping          |     1 |     5 |     4 ||    10
  Eat: Chunk             |       |     7 |    13 ||    20
